 Dungeon Crawl Stone Soup version 0.31-a0-1163-gcee99d1eea (webtiles) character file.

Game seed: 6655718362448266640

6463 Lobster4 the Skirmisher (level 11, -2/84 HPs)
             Began as a Human Hunter on Dec 9, 2023.
             Was an Elder of Nemelex Xobeh.
             Slain by a vampire
             ... wielding a +0 long sword
              (10 damage)
             ... on level 9 of the Dungeon.
             The game lasted 00:30:33 (11453 turns).

Lobster4 the Skirmisher (Human Hunter)             Turns: 11453, Time: 00:30:34

Health: -2/84      AC: 10    Str: 12    XL:     11   Next: 19%
Magic:  5/5        EV: 12    Int:  9    God:    Nemelex Xobeh [****..]
Gold:   515        SH:  0    Dex: 21    Spells: 12/16 levels left

rFire   . . .        b - +2 long sword of Internal Strife {antimagic, rElec rCorr}
rCold   . . .        (no shield)
rNeg    . . .        e - +1 ring mail
rPois   .            y - +1 hat {Will+}
rElec   +            w - +0 cloak
rCorr   +            g - +0 pair of gloves
SInv    .            (no boots)
Will    ++...        P - amulet of regeneration
Stlth   +            s - ring of willpower
HPRegen 1.14/turn    (no ring)
MPRegen 0.09/turn

%: no passive effects
@: about to teleport
A: no striking features
a: Renounce Religion, Draw Escape, Draw Destruction, Draw Summoning, Triple
Draw, Deal Four


You were on level 9 of the Dungeon.
You worshipped Nemelex Xobeh.
Nemelex Xobeh was greatly pleased with you.
You visited 2 branches of the dungeon, and saw 10 of its levels.

You collected 515 gold pieces.

Inventory:

Hand Weapons
 a - a +1 shortbow
 b - the +2 long sword of Internal Strife (weapon) {antimagic, rElec rCorr}
   (You found it on level 8 of the Dungeon)

   rElec:     It insulates you from electricity.
   rCorr:     It protects you from acid and corrosion.
 f - a +0 short sword
 h - a +0 sling
 i - a +0 rapier
 o - a +2 antimagic short sword
 t - a +4 long sword
 A - a +1 dagger of protection
 H - the +9 trident of Dullness {freeze, Will+}
   (You found it on level 7 of the Dungeon)

   Will+:     It increases your willpower.
 K - a +2 dagger of venom
 N - a +0 orcbow
Missiles
 r - 5 boomerangs
 v - 24 poisoned darts
 B - 4 javelins
 I - a throwing net
 J - 6 darts of dispersal
Armour
 c - a +0 leather armour
 e - a +1 ring mail (worn)
 g - a +0 pair of gloves (worn)
 j - a +0 scale mail
 p - a +1 helmet
 w - a +0 cloak (worn)
 y - a +1 hat of willpower (worn)
Magical Staves
 m - a staff of poison
Jewellery
 s - a ring of willpower (left hand)
 C - an amulet of magic regeneration
 O - a ring of fire
 P - an amulet of regeneration (around neck)
Wands
 q - a wand of acid (4)
Scrolls
 n - 3 scrolls of teleportation
 u - 2 scrolls of enchant weapon
 x - 2 scrolls of noise
 G - a scroll of revelation
 M - a scroll of fog
Potions
 d - 2 potions of haste
 k - a potion of attraction
 l - 7 potions of curing
 z - 2 potions of resistance
 D - 2 potions of might
 E - a potion of berserk rage
 F - a potion of brilliance
 L - 2 potions of heal wounds


   Skills:
 + Level 7.2 Fighting
 - Level 2.0(3.0) Short Blades
 + Level 3.5(3.8) Long Blades
 * Level 10.7 Ranged Weapons
 + Level 5.5 Armour
 - Level 3.0 Dodging
 - Level 1.0 Stealth
 - Level 3.0 Spellcasting
 + Level 3.3 Hexes
 + Level 3.3 Translocations
 + Level 3.7 Invocations
 - Level 3.0 Evocations


You had 12 spell levels left.
You knew the following spells:

 Your Spells              Type           Power      Damage    Failure   Level
a - Dimensional Bullseye  Hex/Tloc       3%         N/A       85%         4

Your spell library contained the following spells:

 Spells                   Type           Power      Damage    Failure   Level
 Confusing Touch          Hex            7%         N/A       43%         3
 Tukima's Dance           Hex            7%         N/A       43%         3
 Kiss of Death            Conj/Necr      4%         2d5       52%         1
 Magic Dart               Conj           4%         1d3       52%         1
 Call Imp                 Summ           2%         N/A       67%         2
 Mephitic Cloud           Conj/Pois/Air  1%         N/A       88%         3
 Iskenderun's Mystic Bla  Conj/Tloc      4%         2d3       97%         4
 Dispel Undead            Necr           1%         3d6       99%         4
 Summon Forest            Summ/Tloc      2%         N/A       100%        5
 Summon Mana Viper        Hex/Summ       4%         N/A       100%        5
 Summon Cactus Giant      Summ           0%         N/A       100%        6


Dungeon Overview and Level Annotations

Branches:
Dungeon (9/15)             Temple (1/1) D:4
   Lair: D:8-11         Orc: D:9-12

Altars:
Ashenzari
Cheibriados
Dithmenos
Elyvilon
Fedhas
Gozag
Hepliaklqana
Kikubaaqudgha
Makhleb
Nemelex Xobeh
Okawaru
Ru
Sif Muna
Trog
Uskayaw
Vehumet
Wu Jian
Xom
Yredelemnul
Zin
The Shining One

Shops:
D:2 :   D:4 *   D:6 =

Annotations:
D:7 1 exclusion
D:9 exclusion: yak


Message History

The vampire is heavily damaged.
The vampire mumbles some strange words.
The vampire flickers and vanishes!
Deactivating autopickup; reactivate with Ctrl-A.
Something wriggles in the net.
No target in view!
Search for what [Enter for "."]? sinv Unknown command.
There is a stone staircase leading up, spattered with blood here.
You feel magic leave you.
b - the +2 long sword of Internal Strife (weapon)
{antimagic, rElec rCorr} You miss something.
Something draws life force from you!!
You closely miss something. Something hits you!
Something bites you but does no damage.
You hit something. Something barely misses you. Something bites you!
Something draws strength from your injuries!
You closely miss something. Something hits you!
Something bites you but does no damage. Something hits you!
Something bites you!
* * * LOW HITPOINT WARNING * * *
Something draws strength from your injuries!
You hit something. Something hits you.
* * * LOW HITPOINT WARNING * * *
Something barely misses you. Something hits you!
* * * LOW HITPOINT WARNING * * *
Something bites you but does no damage.
Okay, then.
Okay, then.
You feel much better. Something hits you!
* * * LOW HITPOINT WARNING * * *
Something bites you.
* * * LOW HITPOINT WARNING * * *
Something draws strength from your injuries!
As you read the scroll of teleportation, it crumbles to dust.
You feel strangely unstable. Something hits you.
* * * LOW HITPOINT WARNING * * *
Something bites you!
You die...
Your body disappears without a glow.

........# .<......# ..# ....
....[...# ..# .... ........#
..# ..{..
#...##################.# .....
#.......#..............#......
#.......#....w.........#......
####...##.############.'......
...........[.[<.@......#
..............†........########
..........[...##...............
..##..##..##...#...........####
.####....####..#...............
.## ##..## ##..#......>..).####
..## #..# ##...#...........#
...###..###....#...........#
.#..........#..########....#


There were no monsters in sight!

Vanquished Creatures
  Pikel (D:5)
  A troll (D:9)
  A hornet (D:5)
  Prince Ribbit (D:6)
  Sigmund (D:2)
  A shadow (D:8)
  2 wyverns (D:8)
  A yak (D:9)
  A water moccasin (D:8)
  2 orc warriors
  A sky beast (D:7)
  4 black bears
  2 ice beasts
  2 centaurs
  4 lemures
  2 phantoms (D:7)
  7 scorpions
  7 wights
  3 killer bees
  6 howler monkeys
  A jelly (D:4)
  2 hounds (D:5)
  2 gnoll boudas
  5 orc priests
  Crazy Yiuf (D:2)
  An iguana (D:5)
  Jessica (D:2)
  A sleepcap (D:5)
  6 orc wizards
  10 gnolls
  4 adders
  A shadow imp (D:8)
  4 white imps
  3 ufetubi
  3 worms
  30 orcs
  9 bats
  12 endoplasms
  6 giant cockroaches
  7 goblins
  4 hobgoblins
  2 jackals (D:1)
  11 kobolds
  2 quokkas
  7 ball pythons
  A frilled lizard (D:2)
  7 rats
193 creatures vanquished.

Vanquished Creatures (collateral kills)
  Gastronok (D:9)
  An elephant (D:9)
2 creatures vanquished.

Grand Total: 195 creatures vanquished

Notes
Turn   | Place    | Note
-------+----------+-------------------------------------------
     0 | D:1      | Lobster4 the Human Hunter began the quest for the Orb.
     0 | D:1      | Reached XP level 1. HP: 16/16 MP: 1/1
   144 | D:1      | Reached XP level 2. HP: 17/22 MP: 2/2
   476 | D:1      | Reached XP level 3. HP: 27/27 MP: 3/3
   544 | D:1      | Reached skill level 1 in Armour
   954 | D:2      | Found a runed translucent door.
   955 | D:2      | Noticed Crazy Yiuf
  1166 | D:2      | Noticed Jessica
  1170 | D:2      | Killed Jessica
  1171 | D:2      | Reached skill level 1 in Short Blades
  1171 | D:2      | Reached XP level 4. HP: 34/34 MP: 4/4
  1219 | D:2      | Noticed a black bear
  1254 | D:2      | Noticed Sigmund
  1889 | D:3      | Reached XP level 5. HP: 37/40 MP: 1/5
  1904 | D:3      | Reached skill level 5 in Ranged Weapons
  2735 | D:3      | Found a basalt altar of Yredelemnul.
  3005 | D:4      | Reached skill level 1 in Evocations
  3005 | D:4      | Reached XP level 6. HP: 23/47 MP: 6/6
  3137 | D:4      | Found a staircase to the Ecumenical Temple.
  3149 | Temple   | Entered the Ecumenical Temple
  3164 | Temple   | Became a worshipper of Nemelex Xobeh the Trickster
  3219 | D:4      | Noticed a black bear
  3574 | D:4      | Found Omyet's General Store.
  3803 | D:4      | Reached skill level 1 in Invocations
  4108 | D:4      | Killed a black bear
  4109 | D:4      | Reached skill level 6 in Ranged Weapons
  4109 | D:4      | Reached XP level 7. HP: 52/52 MP: 6/8
  4190 | D:5      | Entered Level 5 of the Dungeon
  4222 | D:5      | Noticed Pikel
  4647 | D:2      | Found a faded altar of an unknown god.
  4774 | D:2      | Reached * piety under Nemelex Xobeh
  4790 | D:2      | Found Houwn's Book Emporium.
  5129 | D:2      | Killed Sigmund
  5279 | D:2      | Killed Crazy Yiuf
  5280 | D:2      | Reached XP level 8. HP: 60/60 MP: 9/9
  5463 | D:5      | Noticed a hornet
  5465 | D:5      | Paralysed by a hornet for 3 turns
  5470 | D:5      | Paralysed by a hornet for 2 turns
  5472 | D:5      | Killed a hornet
  5621 | D:5      | Reached skill level 7 in Ranged Weapons
  5686 | D:5      | Found a glowing golden altar of the Shining One.
  5998 | D:5      | Received a gift from Nemelex Xobeh
  6054 | D:5      | Killed Pikel
  6055 | D:5      | Reached skill level 5 in Fighting
  6055 | D:5      | Reached skill level 8 in Ranged Weapons
  6055 | D:5      | Reached XP level 9. HP: 39/68 MP: 11/11
  6575 | D:5      | Reached ** piety under Nemelex Xobeh
  6774 | D:6      | Noticed Prince Ribbit
  6781 | D:6      | Killed Prince Ribbit
  6889 | D:6      | Found a radiant altar of Vehumet.
  6889 | D:6      | Found a blossoming altar of Fedhas.
  6964 | D:6      | Learned a level 4 spell: Dimensional Bullseye
  6978 | D:6      | Found Juir's Jewellery Boutique.
  7020 | D:6      | Received a gift from Nemelex Xobeh
  7075 | D:6      | Found a burning altar of Makhleb.
  7227 | D:6      | Reached skill level 9 in Ranged Weapons
  7611 | D:6      | Found a white marble altar of Elyvilon.
  7646 | D:6      | Reached skill level 5 in Armour
  7646 | D:6      | Reached skill level 1 in Hexes
  7646 | D:6      | Reached skill level 1 in Translocations
  7802 | D:7      | Identified the +9 trident of Dullness {freeze, Will+}
  7868 | D:7      | Reached skill level 1 in Spellcasting
  8097 | D:7      | Reached *** piety under Nemelex Xobeh
  8113 | D:7      | Reached XP level 10. HP: 76/76 MP: 12/12
  8190 | D:7      | Reached skill level 1 in Long Blades
  9119 | D:8      | Received a gift from Nemelex Xobeh
  9137 | D:8      | Identified the +2 long sword of Internal Strife {antimagic,
                  | rElec rCorr}
  9316 | D:8      | Reached skill level 10 in Ranged Weapons
  9880 | D:8      | Received a gift from Nemelex Xobeh
 10453 | D:9      | Noticed Gastronok
 10756 | D:9      | Noticed an elephant
 10765 | D:9      | Killed an elephant
 10766 | D:9      | Killed Gastronok
 10767 | D:9      | Reached XP level 11. HP: 38/84 MP: 13/15
 11022 | D:9      | Reached **** piety under Nemelex Xobeh
 11451 | D:9      | HP: 2/84 [something (13)]
 11453 | D:9      | Slain by a vampire

Illustrated notes

Levels and vault maps discovered:
D:1:      giann_wishing_wells, layout_loops_ring, serial_glass, glass_columns_b,
          glass_columns_b
D:2:      layout_basic, hellmonk_ecumenical_altar_pennies_from_heaven,
          serial_shops, shop, st_stairs_13, uniq_sigmund, uniq_jessica,
          uniq_crazy_yiuf_cottage
D:3:      layout_basic, mainiacjoe_overflow_paths
D:4:      black_bear_nest_1, layout_loops_ring, minmay_temple_entry_offerings,
          serial_shops, nicolae_shop_hallway_plus
D:5:      layout_gridville, general_overflow_altar,
          amcnicky_mini_rare_corridor_liquid, lemuel_flame_loot_1, uniq_pikel
D:6:      layout_loops_ring, mainiacjoe_overflow_small_starburst,
          elyvilon_altar_1, gammafunk_temple_overflow_elements, serial_shops,
          nicolae_shop_just_a_little_nook, corexii_checkpoint,
          minmay_fractal_squares_gapless_5, uniq_prince_ribbit1
D:7:      cheibrodos_quashed, layout_cave_pods, kennysheep_generic_room_12
D:8:      layout_basic
D:9:      layout_grid_maze, marbit_many_paths, grunt_lair_entry_orc_guard_hut,
          orc_0_dummy, palyth_stone_intersect, minivault_25, uniq_gastronok,
          uniq_erica
Temple:   eino_wide_crystal_templ

Skill      XL: |  1  2  3  4  5  6  7  8  9 10 11 |
---------------+----------------------------------+-----
Armour         | 1 2 4 5 |  5.5
Short Blades   | 1 2 |  2.0
Ranged Weapons | 5 6 8 9 10 | 10.7
Fighting       | 3 4 5 6 7 |  7.2
Evocations     | 1 2 3 |  3.0
Invocations    | 1 2 3 |  3.7
Hexes          | 1 3 |  3.3
Translocations | 1 3 |  3.3
Spellcasting   | 1 2 3 |  3.0
Long Blades    | 3 |  3.5
Dodging        | 3 |  3.0
Stealth        | |  1.0

Action                     |  1- 3 |  4- 6 |  7- 9 | 10-12 || total
---------------------------+-------+-------+-------+-------++-------
  Melee: Short sword       |     7 |    20 |       |       ||    27
         Dagger            |       |       |    32 |     8 ||    40
         Staff             |       |       |     2 |       ||     2
         Long sword        |       |       |       |    25 ||    25
         Trident           |       |       |       |    17 ||    17
   Fire: Shortbow          |    89 |   159 |   274 |   271 ||   793
  Throw: Dart              |       |       |    16 |     2 ||    18
         Throwing net      |       |       |       |     1 ||     1
 Invoke: Draw Destruction  |       |       |       |     6 ||     6
         Draw Summoning    |       |       |       |     1 ||     1
  Evoke: Wand              |       |     8 |    23 |       ||    31
    Use: Scroll            |       |    10 |    12 |     4 ||    26
         Potion            |       |       |     3 |     1 ||     4
 Armour: Leather armour    |     4 |       |       |       ||     4
         Ring mail         |    31 |    63 |   152 |   189 ||   435
  Dodge: Dodged            |    24 |    41 |   128 |   149 ||   342

Table legend: (Time is in decaauts)
 A = Elapsed time spent in this place.
 B = Non-inter-level travel time spent in this place.
 C = Inter-level travel time spent in this place.
 D = Time resting spent in this place.
 E = Time spent auto-exploring this place.
 F = Levels seen in this place.
 G = Mean time per level.
                   A        B        C        D        E       F      G
               +--------+--------+--------+--------+--------+-----+--------+
         Total |  11547 |  10695 |    852 |   1849 |   6690 |  10 | 1154.7 |
       Dungeon |  11516 |  10692 |    824 |   1849 |   6690 |   9 | 1279.6 |
        Temple |     30 |      2 |     28 |      0 |      0 |   1 |   30.0 |
               +--------+--------+--------+--------+--------+-----+--------+

Top non-repeatable levels by time:
     D:2: 1902 daAuts
     D:8: 1634 daAuts
     D:4: 1380 daAuts
     D:6: 1271 daAuts
     D:5: 1232 daAuts
     D:3: 1176 daAuts
     D:7: 1102 daAuts
     D:1: 1069 daAuts
     D:9: 747 daAuts
  Temple: 30 daAuts
